| TOP OF THE 1ST |
|
Springfield Cardinals batting - Pitching for Reading Fightin Phils : RHP Joe Kimbrough
|
|
Pitching: RHP Joe Kimbrough
|
|
|
Batting: RHB Josh Martin
|
0-0: Ball 1-0: Ball 2-0: Called Strike 2-1: SINGLE (Groundball, 56S, EV 75.6 MPH) (infield hit)
|
|
Batting: LHB Robert Rauda
|
0-0: Foul Ball, location: 2F 0-1: Swinging Strike 0-2: Ball 1-2: Strikes out swinging
|
|
Batting: RHB Josh Lyon
|
0-0: Called Strike Josh Martin steals 2nd base 0-1: Foul Ball, location: 2F 0-2: Ground out 6-3 (Groundball, 6, EV 102.5 MPH)
|
|
Batting: LHB Chris Raymond
|
0-0: Ground out 5-3 (Groundball, 5L, EV 84.4 MPH)
|
| Top of the 1st over - 0 runs, 1 hit, 0 errors, 1 left on base; Springfield 0 - Reading 0 |
| BOTTOM OF THE 1ST |
|
Reading Fightin Phils batting - Pitching for Springfield Cardinals : LHP Pat Dantzler
|
|
Pitching: LHP Pat Dantzler
|
|
|
Batting: RHB Fletcher Easter
|
0-0: Called Strike 0-1: Swinging Strike 0-2: Ground out 5-3 (Groundball, 56, EV 101.9 MPH)
|
|
Batting: RHB Austin Wiebe
|
0-0: Ball 1-0: Ball 2-0: Called Strike 2-1: Swinging Strike 2-2: Ground out 4-3 (Groundball, 4S, EV 93.8 MPH)
|
|
Batting: LHB Chris Fandino
|
0-0: Ball 1-0: Ball 2-0: Ground out 4-3 (Groundball, 4, EV 87.5 MPH)
|
| Bottom of the 1st over - 0 runs, 0 hits, 0 errors, 0 left on base; Springfield 0 - Reading 0 |
| TOP OF THE 2ND |
|
Springfield Cardinals batting - Pitching for Reading Fightin Phils : RHP Joe Kimbrough
|
|
Batting: RHB Jorge Benites
|
0-0: Ball 1-0: Called Strike 1-1: Foul Ball, location: 2F 1-2: Ball 2-2: Ball 3-2: Fly out, F9 (Flyball, 89D, EV 93.8 MPH)
|
|
Batting: LHB Yeong-hun Joe
|
0-0: Ground out 1-3 (Groundball, 34S, EV 76.9 MPH)
|
|
Batting: RHB Dan Boykins
|
0-0: Ball 1-0: Ball 2-0: Called Strike 2-1: Ball 3-1: Base on Balls
|
|
Batting: RHB Javier Ochoa
|
0-0: Called Strike 0-1: Swinging Strike 0-2: Strikes out swinging
|
| Top of the 2nd over - 0 runs, 0 hits, 0 errors, 1 left on base; Springfield 0 - Reading 0 |
| BOTTOM OF THE 2ND |
|
Reading Fightin Phils batting - Pitching for Springfield Cardinals : LHP Pat Dantzler
|
|
Batting: LHB Danny Hill
|
0-0: Ground out 3-1 (Groundball, 34, EV 105.0 MPH)
|
|
Batting: LHB Michael Tuttle
|
0-0: Foul Ball, location: 2F 0-1: Ball 1-1: Foul Ball, location: 2F 1-2: Foul Ball, location: 2F 1-2: Ball 2-2: Ball 3-2: Strikes out swinging
|
|
Batting: LHB Jose Fierro
|
0-0: Called Strike 0-1: Foul Ball, location: 2F 0-2: Ball 1-2: Fly out, F3 (Line Drive, 3, EV 65.0 MPH)
|
| Bottom of the 2nd over - 0 runs, 0 hits, 0 errors, 0 left on base; Springfield 0 - Reading 0 |
| TOP OF THE 3RD |
|
Springfield Cardinals batting - Pitching for Reading Fightin Phils : RHP Joe Kimbrough
|
|
Batting: SHB Josh Conner
|
0-0: Ball 1-0: Called Strike 1-1: Ball 2-1: SINGLE (Line Drive, 6MD, EV 103.1 MPH)
|
|
Batting: RHB Josh Martin
|
0-0: Called Strike Josh Conner steals 2nd base 0-1: Ball 1-1: Ground out 6-3 (Groundball, 6, EV 98.1 MPH)
|
|
Batting: LHB Robert Rauda
|
0-0: Called Strike 0-1: Foul Ball, location: 2F 0-2: Ball 1-2: Ground out 4-3 (Groundball, 4, EV 80.0 MPH) Josh Conner to third
|
|
Batting: RHB Josh Lyon
|
0-0: Called Strike 0-1: Ball 1-1: Ball 2-1: Foul Ball, location: 2F 2-2: Strikes out swinging
|
| Top of the 3rd over - 0 runs, 1 hit, 0 errors, 1 left on base; Springfield 0 - Reading 0 |
| BOTTOM OF THE 3RD |
|
Reading Fightin Phils batting - Pitching for Springfield Cardinals : LHP Pat Dantzler
|
|
Batting: RHB Hector Nunez
|
0-0: Foul Ball, location: 2F 0-1: Called Strike 0-2: Ball 1-2: Foul Ball, location: 2F 1-2: Ball 2-2: Strikes out swinging
|
|
Batting: RHB Gary Hills
|
0-0: SINGLE (Groundball, 34D, EV 101.9 MPH)
|
|
Batting: LHB Darrell Ortega
|
0-0: Foul Ball, location: 2F 0-1: Ball 1-1: Fly out, F7 (Flyball, 78D, EV 91.2 MPH)
|
|
Batting: RHB Fletcher Easter
|
0-0: Ball 1-0: Ball 2-0: Fielders Choice at 2nd, U6 (Groundball, 6M, EV 106.2 MPH)
|
| Bottom of the 3rd over - 0 runs, 1 hit, 0 errors, 1 left on base; Springfield 0 - Reading 0 |
| TOP OF THE 4TH |
|
Springfield Cardinals batting - Pitching for Reading Fightin Phils : RHP Joe Kimbrough
|
|
Batting: LHB Chris Raymond
|
0-0: Ball 1-0: DOUBLE (Line Drive, 3D, EV 105.0 MPH)
|
|
Batting: RHB Jorge Benites
|
0-0: Ball 1-0: Ball 2-0: Called Strike 2-1: TRIPLE (Line Drive, 78XD, EV 100.0 MPH) Chris Raymond scores
|
|
Batting: LHB Yeong-hun Joe
|
0-0: Bunted foul 0-1: Bunt - Flyout to 25! F5
|
|
Batting: RHB Dan Boykins
|
0-0: Ball 1-0: Foul Ball, location: 2F 1-1: Ground out 5-3 (Groundball, 5, EV 80.0 MPH)
|
|
Batting: RHB Javier Ochoa
|
0-0: Foul Ball, location: 2F 0-1: Swinging Strike 0-2: Ball 1-2: Ball 2-2: Fly out, F8 (Flyball, 8RXD, EV 101.2 MPH)
|
| Top of the 4th over - 1 run, 2 hits, 0 errors, 1 left on base; Springfield 1 - Reading 0 |
| BOTTOM OF THE 4TH |
|
Reading Fightin Phils batting - Pitching for Springfield Cardinals : LHP Pat Dantzler
|
|
Batting: RHB Austin Wiebe
|
0-0: Ball 1-0: Fly out, F9 (Line Drive, 9, EV 100.0 MPH)
|
|
Batting: LHB Chris Fandino
|
0-0: Ball 1-0: SINGLE (Groundball, 4MD, EV 100.0 MPH)
|
|
Batting: LHB Danny Hill
|
0-0: Ball 1-0: Foul Ball, location: 2F 1-1: SINGLE (Flyball, 9S, EV 94.4 MPH) Chris Fandino to second
|
|
Batting: LHB Michael Tuttle
|
0-0: Swinging Strike 0-1: SINGLE (Line Drive, 78S, EV 92.5 MPH) Chris Fandino to third Danny Hill to second
|
|
Batting: LHB Jose Fierro
|
0-0: DOUBLE (Groundball, 5L, EV 110.6 MPH) Chris Fandino scores Danny Hill scores Michael Tuttle to third
|
|
Batting: RHB Hector Nunez
|
0-0: Ball 1-0: Swinging Strike 1-1: Ball 2-1: Foul Ball, location: 2F 2-2: Ground out 4-3 (Groundball, 4, EV 102.5 MPH) Michael Tuttle scores Jose Fierro to third
|
|
Batting: RHB Gary Hills
|
0-0: Ball 1-0: Ball 2-0: Ball 3-0: Called Strike 3-1: Called Strike 3-2: Foul Ball, location: 2F 3-2: Foul Ball, location: 2F 3-2: SINGLE (Groundball, 56D, EV 103.8 MPH) Jose Fierro scores
|
|
Batting: LHB Darrell Ortega
|
0-0: Ball 1-0: Fielders Choice at 2nd, U4 (Groundball, 4M, EV 92.5 MPH)
|
| Bottom of the 4th over - 4 runs, 5 hits, 0 errors, 1 left on base; Springfield 1 - Reading 4 |
| TOP OF THE 5TH |
|
Springfield Cardinals batting - Pitching for Reading Fightin Phils : RHP Joe Kimbrough
|
|
Batting: SHB Josh Conner
|
0-0: Ball 1-0: Called Strike 1-1: Ball 2-1: Foul Ball, location: 2F 2-2: Ball 3-2: Fly out, F8 (Flyball, 8LXD, EV 98.8 MPH)
|
|
Batting: RHB Josh Martin
|
0-0: SINGLE (Flyball, 89S, EV 90.6 MPH)
|
|
Batting: LHB Robert Rauda
|
0-0: Ball Josh Martin steals 2nd base 1-0: Ball 2-0: Called Strike 2-1: Ball 3-1: Ground out 4-3 (Groundball, 34, EV 106.9 MPH) Josh Martin to third
|
|
Batting: RHB Josh Lyon
|
0-0: Ball 1-0: Ball 2-0: Ground out 1-3 (Groundball, 13, EV 69.4 MPH)
|
| Top of the 5th over - 0 runs, 1 hit, 0 errors, 1 left on base; Springfield 1 - Reading 4 |
| BOTTOM OF THE 5TH |
|
Reading Fightin Phils batting - Pitching for Springfield Cardinals : LHP Pat Dantzler
|
|
Batting: RHB Fletcher Easter
|
0-0: Foul Ball, location: 2F 0-1: Ball 1-1: Ground out 4-3 (Groundball, 4S, EV 85.6 MPH)
|
|
Batting: RHB Austin Wiebe
|
0-0: Ball 1-0: Ball 2-0: Called Strike 2-1: Foul Ball, location: 2F 2-2: Fly out, F8 (Line Drive, 8RM, EV 96.2 MPH)
|
|
Batting: LHB Chris Fandino
|
0-0: Called Strike 0-1: Ball 1-1: Ball 2-1: Ground out 4-3 (Groundball, 4, EV 96.9 MPH)
|
| Bottom of the 5th over - 0 runs, 0 hits, 0 errors, 0 left on base; Springfield 1 - Reading 4 |
| TOP OF THE 6TH |
|
Springfield Cardinals batting - Pitching for Reading Fightin Phils : RHP Joe Kimbrough
|
|
Batting: LHB Chris Raymond
|
0-0: Ball 1-0: Ball 2-0: Called Strike 2-1: Foul Ball, location: 2F 2-2: Ball 3-2: Strikes out looking
|
|
Batting: RHB Jorge Benites
|
0-0: Ball 1-0: Ball 2-0: DOUBLE (Flyball, 8RXD, EV 86.2 MPH)
|
|
Batting: LHB Yeong-hun Joe
|
0-0: 2-RUN HOME RUN (Flyball, 9D, EV 100.6 MPH), Distance : 375 ft
|
|
Batting: RHB Dan Boykins
|
0-0: Ball 1-0: Ball 2-0: Called Strike 2-1: Ball 3-1: Called Strike 3-2: Fly out, F8 (Flyball, 8LS, EV 92.5 MPH)
|
|
Batting: RHB Javier Ochoa
|
0-0: Fly out, F9 (Flyball, 9D, EV 91.9 MPH)
|
| Top of the 6th over - 2 runs, 2 hits, 0 errors, 0 left on base; Springfield 3 - Reading 4 |
| BOTTOM OF THE 6TH |
|
Reading Fightin Phils batting - Pitching for Springfield Cardinals : LHP Pat Dantzler
|
|
Batting: LHB Danny Hill
|
0-0: Ball 1-0: Called Strike 1-1: Ball 2-1: Foul Ball, location: 2F 2-2: Foul Ball, location: 2F 2-2: Foul Ball, location: 2F 2-2: Strikes out swinging
|
|
Batting: LHB Michael Tuttle
|
0-0: Ball 1-0: Ball 2-0: Fly out, F9 (Flyball, 89M, EV 93.1 MPH)
|
|
Batting: LHB Jose Fierro
|
0-0: Ball 1-0: Called Strike 1-1: Fly out, F9 (Flyball, 9LD, EV 102.5 MPH)
|
| Bottom of the 6th over - 0 runs, 0 hits, 0 errors, 0 left on base; Springfield 3 - Reading 4 |
| TOP OF THE 7TH |
|
Springfield Cardinals batting - Pitching for Reading Fightin Phils : RHP Joe Kimbrough
|
|
Batting: SHB Josh Conner
|
0-0: Ball 1-0: Ball 2-0: Foul Ball, location: 2F 2-1: Fly out, F5 (Popup, 5F, EV 53.1 MPH)
|
|
Pitching: LHP Josh Turner
|
|
|
Batting: RHB Josh Martin
|
0-0: Ball 1-0: Swinging Strike 1-1: Ball 2-1: Swinging Strike 2-2: Strikes out swinging, 2-3 out at first.
|
|
Pinch Hitting: RHB John Parra
|
0-0: Fly out, F7 (Flyball, 7LD, EV 109.4 MPH)
|
| Top of the 7th over - 0 runs, 0 hits, 0 errors, 0 left on base; Springfield 3 - Reading 4 |
| BOTTOM OF THE 7TH |
|
Reading Fightin Phils batting - Pitching for Springfield Cardinals : LHP Pat Dantzler
|
|
Now at 3B: Josh Conner
|
|
|
Now in CF: Chris Simmons
|
|
|
Now in RF: Chris Raymond
|
|
|
Batting: RHB Hector Nunez
|
0-0: Called Strike 0-1: Ball 1-1: Swinging Strike 1-2: Foul Ball, location: 2F 1-2: SINGLE (Line Drive, 3L, EV 104.4 MPH)
|
|
Batting: RHB Gary Hills
|
0-0: Bunt missed! 0-1: Sac Bunt to 25 - play at first, batter OUT! 5-4 Hector Nunez to second
|
|
Batting: LHB Darrell Ortega
|
0-0: Ball 1-0: Foul Ball, location: 2F 1-1: Foul Ball, location: 2F 1-2: Strikes out looking
|
|
Batting: RHB Fletcher Easter
|
0-0: Ball 1-0: Foul Ball, location: 2F 1-1: Swinging Strike 1-2: Ground out 6-3 (Groundball, 6, EV 100.0 MPH)
|
| Bottom of the 7th over - 0 runs, 1 hit, 0 errors, 1 left on base; Springfield 3 - Reading 4 |
| TOP OF THE 8TH |
|
Springfield Cardinals batting - Pitching for Reading Fightin Phils : LHP Josh Turner
|
|
Batting: RHB Josh Lyon
|
0-0: SINGLE (Groundball, 6MD, EV 95.0 MPH)
|
|
Batting: LHB Chris Raymond
|
0-0: Ball 1-0: Ball 2-0: Ball 3-0: Base on Balls Josh Lyon to second
|
|
Batting: RHB Jorge Benites
|
0-0: Ball 1-0: Called Strike 1-1: Foul Ball, location: 2F 1-2: Ball 2-2: Ball 3-2: Foul Ball, location: 2F 3-2: Fly out, F4 (Popup, 4, EV 56.9 MPH)
|
|
Batting: LHB Yeong-hun Joe
|
0-0: Ball 1-0: Bunted foul 1-1: Bunt missed! 1-2: Foul Ball, location: 2F 1-2: Fly out, F5 (Popup, 5SF, EV 42.5 MPH)
|
|
Batting: RHB Dan Boykins
|
0-0: Ball 1-0: Foul Ball, location: 2F 1-1: TRIPLE (Flyball, 78XD, EV 93.1 MPH) Josh Lyon scores Chris Raymond scores
|
|
Batting: RHB Javier Ochoa
|
0-0: Called Strike 0-1: Ground out 5-3 (Groundball, 56S, EV 85.0 MPH)
|
| Top of the 8th over - 2 runs, 2 hits, 0 errors, 1 left on base; Springfield 5 - Reading 4 |
| BOTTOM OF THE 8TH |
|
Reading Fightin Phils batting - Pitching for Springfield Cardinals : LHP Pat Dantzler
|
|
Batting: RHB Austin Wiebe
|
0-0: Called Strike 0-1: Foul Ball, location: 2F 0-2: Fly out, F7 (Flyball, 78M, EV 86.9 MPH)
|
|
Pinch Hitting: RHB Zach Downs
|
0-0: Foul Ball, location: 2F 0-1: Foul Ball, location: 2F 0-2: Fly out, F8 (Flyball, 8LXD, EV 95.6 MPH)
|
|
Batting: LHB Danny Hill
|
0-0: Ball 1-0: Ball 2-0: Ball 3-0: Called Strike 3-1: Base on Balls
|
|
Pitching: RHP Mike Foulger
|
|
|
Batting: LHB Michael Tuttle
|
0-0: Ball 1-0: Ball 2-0: 2-RUN HOME RUN (Flyball, 9D, EV 98.1 MPH), Distance : 366 ft
|
|
Batting: LHB Jose Fierro
|
0-0: Called Strike 0-1: Called Strike 0-2: Strikes out looking
|
| Bottom of the 8th over - 2 runs, 1 hit, 0 errors, 0 left on base; Springfield 5 - Reading 6 |
| TOP OF THE 9TH |
|
Springfield Cardinals batting - Pitching for Reading Fightin Phils : LHP Josh Turner
|
|
Pitching: RHP Chris Faulkner
|
|
|
Now in RF: Matt Strong
|
|
|
Batting: SHB Josh Conner
|
0-0: Ball 1-0: Called Strike 1-1: Ball 2-1: Called Strike 2-2: Strikes out looking
|
|
Batting: RHB Josh Martin
|
0-0: Swinging Strike 0-1: Fly out, F9 (Flyball, 9D, EV 103.8 MPH)
|
|
Batting: RHB Chris Simmons
|
0-0: Ground out 6-3 (Groundball, 56, EV 80.6 MPH)
|
| Top of the 9th over - 0 runs, 0 hits, 0 errors, 0 left on base; Springfield 5 - Reading 6 |
|